Map: Ruins of Seras

Players

GRITH

  • Race: Terran Terran
  • League: Bronze

Miltreta - Winner!

  • Race: Terran Terran
  • League: Bronze

VOD

Have the link to the VOD?

Description

Time

  • Played on: March 14, 2016, 9:18 p.m.
  • Length: 15:25
Show
View Real Time Build Order
Export as new Build Order

GRITH Terran 

Build Orders:  

Get SALT Encoding   

  12  0:19  Supply Depot  
  12  0:43  Barracks  
  12  0:49  Barracks  
  12  0:55  SCV  
  13  1:07  SCV  
  14  1:19  SCV  
  14  1:23  Supply Depot  
  15  1:34  SCV  
  16  1:40  Marine x2  
  16  1:46  SCV  
  19  1:49  Barracks  
  19  1:58  SCV  
  20  2:33  Barracks  
  20  2:40  Refinery  
  20  2:42  Refinery  
  20  2:45  Marine x2  
  20  2:46  Marine, Supply Depot  
  23  3:03  SCV  
  24  3:10  Marine x3  
  27  3:15  SCV  
  28  3:27  SCV  
  28  3:33  Command Center  
  29  3:40  SCV  
  29  4:17  Marine  
  29  4:18  Marine x3  
  33  4:39  Barracks  
  33  4:42  Barracks  
  33  4:45  Barracks  
  33  4:46  Barracks  
  33  5:18  Barracks Tech Lab  
  33  5:22  SCV  
  34  5:34  SCV, Engineering Bay  
  35  5:44  SCV  
  35  5:46  SCV  
  37  5:56  SCV  
  38  5:58  SCV  
  39  6:08  SCV  
  39  6:11  SCV  
  41  6:12  Barracks Reactor  
  41  6:13  Barracks Reactor x3  
  41  6:14  Barracks Reactor x2  
  41  6:15  Barracks Reactor  
  41  6:20  SCV  
  41  6:22  Supply Depot  
  41  6:23  SCV  
  43  6:32  SCV  
  44  6:35  SCV  
  45  6:44  SCV  
  46  6:47  SCV  
  46  6:55  Marine x3  
  46  6:56  SCV, Marine x8  
  46  6:57  Marine x4  
  46  6:59  SCV  
  58  7:08  SCV  
  58  7:11  SCV  
  58  7:13  Marine x2  
  58  7:14  Missile Turret x2  
  62  7:19  Missile Turret  
  62  7:25  Missile Turret  
  62  7:33  Missile Turret  
  62  7:39  Missile Turret  
  62  7:42  Missile Turret x2  
  62  7:51  Missile Turret  
  62  7:56  Marine  
  61  8:15  Missile Turret  
  61  8:16  Missile Turret x2  
  61  8:17  Missile Turret  
  61  8:20  Missile Turret  
  61  8:25  Missile Turret  
  61  8:27  Missile Turret  
  61  8:28  Missile Turret  
  61  8:38  SCV  
  62  9:52  Supply Depot  
  62  9:53  Supply Depot  
  62  9:55  Supply Depot  
  62  9:56  Supply Depot  
  62  10:14  SCV, Marine x7  
  62  10:15  Marine x8  
  78  10:23  Command Center  
  78  10:26  SCV  
  78  10:27  Missile Turret  
  79  10:32  Marine x6  
  79  10:34  Missile Turret  
  85  10:37  Missile Turret  
  85  10:38  SCV  
  85  10:42  Missile Turret x3  
  86  10:50  Missile Turret  
  86  11:12  Missile Turret  
  86  11:13  Missile Turret  
  86  11:43  SCV  
  87  11:55  SCV  
  87  12:00  Factory  
  88  12:03  Factory  
  88  12:07  SCV  
  89  12:13  Engineering Bay  
  89  12:40  Orbital Command x2  
  89  12:44  Terran Infantry Weapons Level 1  
  89  12:48  Orbital Command  
  89  12:56  Factory Tech Lab  
  89  12:59  Factory Tech Lab  
  89  13:00  Combat Shields  
  89  13:02  Marine x5  
  89  13:03  Marine x6  
  89  13:04  Marine x4  
  104  13:11  Terran Infantry Armor Level 1  
  104  13:20  Marine x5  
  109  13:29  Armory  
  109  13:42  Marine x8  
  109  13:43  Siege Tank, Marine x5  
  109  13:46  Marine x2  
  109  13:47  Siege Tank  
  130  14:00  Marine x3  
  133  14:04  Supply Depot x2  
  133  14:05  Supply Depot x2  
  133  14:25  Siege Tank, Marine x7  
  133  14:26  Siege Tank  
  65  15:02  Marine x2  
  65  15:03  Marine x10  
  65  15:04  Marine  
Show
View Real Time Build Order
Export as new Build Order

Miltreta Terran - Winner!

Build Orders:  

Get SALT Encoding   

  12  0:01  SCV  
  13  0:14  SCV  
  14  0:22  Supply Depot  
  14  0:27  SCV  
  15  0:36  Refinery  
  15  0:44  SCV  
  15  0:47  Barracks  
  16  1:00  SCV  
  17  1:13  SCV  
  17  1:14  Supply Depot  
  18  1:34  Orbital Command  
  18  1:37  Marine  
  19  1:45  Refinery  
  19  2:07  Barracks Tech Lab, SCV, Factory  
  20  2:24  Command Center  
  20  2:30  Engineering Bay  
  20  2:32  Marauder  
  22  2:42  SCV  
  23  2:54  Factory Reactor  
  25  2:58  Marauder  
  25  3:13  Terran Infantry Weapons Level 1  
  25  3:21  Engineering Bay  
  25  3:26  Starport  
  25  3:29  Marine  
  26  3:36  SCV  
  26  3:37  Barracks  
  27  4:07  SCV  
  27  4:08  Starport Reactor  
  28  4:13  Widow Mine  
  28  4:14  Widow Mine  
  32  4:24  Supply Depot  
  32  4:29  Orbital Command  
  32  4:30  SCV  
  33  4:43  Barracks Tech Lab  
  33  4:56  SCV  
  33  4:57  SCV  
  35  5:12  SCV x2, Bunker, Refinery  
  35  5:13  Terran Infantry Armor Level 1  
  37  5:18  Medivac x2  
  41  5:24  Hellion x2  
  45  5:41  Marauder x2  
  49  5:53  Barracks  
  49  6:16  Marauder  
  49  6:17  Marauder  
  53  6:29  Supply Depot x2  
  53  6:32  Supply Depot  
  53  6:33  Liberator x2, Supply Depot  
  59  7:25  Barracks Reactor  
  49  8:16  Siege Tank  
  52  8:20  Medivac x2  
  56  8:32  SCV x2  
  58  8:44  Factory  
  58  8:48  SCV x2  
  60  8:54  Refinery  
  60  8:57  Marauder  
  60  8:58  Marine x2  
  60  8:59  Marine x2  
  60  9:01  Siege Tank  
  69  9:30  Armory  
  69  9:37  Factory Tech Lab  
  69  9:45  Marine  
  69  9:46  Marine x2  
  69  9:47  Marine  
  73  10:16  Starport  
  73  10:23  Terran Infantry Weapons Level 2, Terran Infantry Armor Level 2  
  73  10:25  Marine x2  
  73  10:26  Marine x2  
  73  10:28  Marauder  
  79  10:29  Siege Tank x2  
  85  10:43  Supply Depot  
  85  10:45  Supply Depot x2  
  85  10:46  Supply Depot  
  85  10:47  Supply Depot  
  85  10:48  Liberator  
  85  10:50  Supply Depot  
  85  10:52  Supply Depot  
  85  11:03  Starport Tech Lab  
  88  11:31  Command Center  
  88  11:33  Marine x2  
  88  11:34  Marine x2  
  88  11:36  Siege Tank, Marauder  
  97  11:41  Thor  
  103  11:57  Marine  
  103  11:58  Marine x3  
  109  12:01  Marauder  
  109  12:09  Banshee  
  109  12:11  Medivac x2  
  109  12:14  Thor  
  122  12:36  Supply Depot  
  122  12:39  Supply Depot x3  
  122  12:42  Supply Depot  
  122  12:45  Liberator  
  122  12:51  Banshee  
  122  12:52  Orbital Command  
  122  12:53  Marine x2  
  122  12:54  Marine x3  
  122  12:56  Thor  
  139  13:08  Cloaking Field  
  139  13:26  Refinery  
  139  13:28  Refinery  
  139  14:03  Marine x4  
  139  14:07  Siege Tank, Marauder  
  118  14:57  Marine x4  
  118  14:58  Marine  
Tags
 
Add a new tag
Caveats
  • Supply blocks, unpowered buildings, or Contaminate may cause inaccurate times.
  • Supply counts are checked every 10 seconds.